 Dungeon Crawl Stone Soup version 0.28-a0-1038-g9c4cb8273d (webtiles) character file.

Game seed: 18020719076975702813

5033 siradein the Shield-Bearer (level 10, -2/55 HPs)
             Began as a Vine Stalker Fighter on Dec 8, 2021.
             Was a Priest of Yredelemnul.
             Hit by a javelin thrown by a centaur (3 damage)
             ... in a bailey.
             The game lasted 00:16:37 (7892 turns).

siradein the Shield-Bearer (Vine Stalker Fighter)   Turns: 7892, Time: 00:16:38

Health: -2/55      AC: 16    Str: 21    XL:     10   Next: 55%
Magic:  0/13       EV:  9    Int:  8    God:    Yredelemnul [***...]
Gold:   755        SH:  6    Dex: 16    Spells: 9/9 levels left

rFire   . . .      SeeInvis .   t - +0 flail (drain)
rCold   . . .      Faith    +   c - +0 buckler
rNeg    + . .      Spirit   +   q - +1 scale mail "Datzor" {rN+}
rPois   .          Reflect  .   (no helmet)
rElec   .          Harm     .   (no cloak)
rCorr   .          Rampage  .   y - +0 pair of gloves
Will    +....                   l - +1 pair of boots
Stlth   ..........              p - amulet of faith
HPRegen 0.98/turn               x - +4 ring of protection
MPRegen 0.13/turn               (no ring)

@: no status effects
A: fangs 3, regeneration 1, magic shield, antimagic bite, no potion heal 2
a: Renounce Religion, Recall Undead Slaves, Injury Mirror, Animate Dead


You were in a bailey.
You worshipped Yredelemnul.
Yredelemnul was most pleased with you.
You visited 2 branches of the dungeon, and saw 9 of its levels.
You also visited: Ossuary and Bailey.

You collected 755 gold pieces.

Inventory:

Hand Weapons
 t - a +0 flail of draining (weapon)
Missiles
 f - 37 poisoned darts
 s - 2 throwing nets
Armour
 c - a +0 buckler (worn)
 l - a +1 pair of boots (worn)
 q - the +1 scale mail "Datzor" (worn) {rN+}
   (You found it on level 6 of the Dungeon)

   rN:        It protects you from negative energy.
 y - a +0 pair of gloves (worn)
Jewellery
 p - an amulet of faith (around neck)
 x - a +4 ring of protection (left hand)
 A - a ring of fire
 D - a ring of wizardry
Wands
 a - a wand of flame (4)
 n - a wand of mindburst (28)
Scrolls
 h - a scroll of fog
 j - 3 scrolls of magic mapping {unknown}
 m - 3 scrolls of teleportation {unknown}
 o - 2 scrolls of fear {unknown}
 r - 3 scrolls of enchant armour
 u - a scroll of torment {unknown}
 v - 3 scrolls of enchant weapon {unknown}
 z - a scroll of brand weapon {unknown}
 C - a scroll of blinking {unknown}
Potions
 b - 3 potions of heal wounds {unknown}
 d - a potion of might
 e - 5 potions of lignification {unknown}
 g - 3 potions of cancellation {unknown}
 i - a potion of resistance {unknown}
 k - 5 potions of curing
 w - 2 potions of berserk rage {unknown}
 B - a potion of haste {unknown}


   Skills:
 + Level 7.1 Fighting
 + Level 6.7 Maces & Flails
 + Level 6.5 Armour
 + Level 7.1 Shields
 + Level 3.4 Invocations
 + Level 3.1 Evocations


You had 9 spell levels left.
You didn't know any spells.
Your spell library contained the following spells:

 Spells                   Type           Power      Damage    Failure   Level
 Magic Dart               Conj           0%         1d3       71%         1
 Sting                    Tmut/Pois      0%         1d3       71%         1
 Passwall                 Tmut/Erth      0%         N/A       85%         2
 Poisonous Vapours        Pois/Air       0%         N/A       85%         2
 Searing Ray              Conj           0%         2d4       85%         2
 Static Discharge         Conj/Air       0%         N/A       85%         2
 Gell's Gravitas          Tloc           0%         N/A       97%         3
 Lesser Beckoning         Tloc           0%         N/A       97%         3
 Swiftness                Air            0%         N/A       97%         3
 Teleport Other           Tloc           0%         N/A       97%         3
 Dispel Undead            Necr           0%         3d6       100%        4
 Fulminant Prism          Conj/Hex       0%         3d6       100%        4
 Olgreb's Toxic Radiance  Pois           0%         N/A       100%        4
 Sticky Flame             Conj/Fire      0%         2d3       100%        4


Dungeon Overview and Level Annotations

Branches:
Dungeon (8/15)             Temple (1/1) D:4         Ossuary (visited)
 Bailey (1/1)
   Lair: D:8-11

Altars:
Ashenzari
Cheibriados
Dithmenos
Elyvilon
Fedhas
Gozag
Hepliaklqana
Kikubaaqudgha
Makhleb
Nemelex Xobeh
Okawaru
Qazlal
Ru
Sif Muna
Trog
Uskayaw
Vehumet
Wu Jian
Xom
Yredelemnul
Zin
The Shining One
Beogh

Annotations:
D:4 2 runed translucent doors, fragbeetle's ghost, amateur DrTm


Innate Abilities, Weirdness & Mutations

You have razor-sharp teeth.
Your natural rate of healing is unusually fast.
When hurt, damage is shared between your health and your magic reserves.
Your bite disrupts and absorbs the magic of your enemies.
Potions cannot restore your health.


Message History

* * * LOW HITPOINT WARNING * * *
The centaur misses you. You block the centaur's attack. x2
The centaur closely misses you.
The orc warrior hits you from afar with a +0 glaive.
* * * LOW HITPOINT WARNING * * *
You hit the centaur but do no damage. You drain the centaur.
You bite the centaur. You drain its power.
You feel invigorated.
The centaur is moderately wounded.
The centaur hits you but does no damage.
You block the centaur's attack. The centaur closely misses you.
The centaur barely misses you. The orc warrior closely misses you.
The centaur hits you but does no damage.
The centaur barely misses you. You block the centaur's attack.
The centaur kicks you but does no damage.
You hit the centaur. You bite the centaur. You drain its power.
You feel invigorated.
The centaur is heavily wounded.
The centaur throws a javelin.
The javelin pierces through you.
* * * LOW HITPOINT WARNING * * *
The javelin misses the orc warrior.
You block the centaur's attack. The centaur closely misses you.
The centaur hits you with a +0 trident.
* * * LOW HITPOINT WARNING * * *
The centaur kicks you but does no damage.
The orc warrior closely misses you.
Your orc zombie closely misses the centaur.
You hit the centaur. You drain the centaur. You bite the centaur.
You drain its power.
You feel invigorated.
The centaur is almost dead.
The centaur closely misses you.
The centaur kicks you but does no damage.
The centaur hits you but does no damage.
You block the centaur's attack.
The orc warrior hits you from afar with a +0 glaive!
* * * LOW HITPOINT WARNING * * *
The centaur hits you with a +0 trident.
The centaur kicks you but does no damage.
The centaur barely misses you. The centaur closely misses you.
The centaur throws a javelin.
The javelin pierces through you.
You die...
Your body rises from the dead as a mindless zombie.

# ≈≈...o≈≈≈≈≈≈≈.
#####...≈≈≈≈≈≈≈≈≈≈≈...≈.
'......≈≈≈≈≈≈≈≈≈≈≈≈≈..≈.
'...).)≈≈≈≈≈?}|≈≈≈≈≈....
'....).≈≈≈≈≈≈≈≈≈≈≈≈≈..≈.
#####)).≈≈≈≈≈≈≈o≈≈≈...≈.
#≈≈.≈≈))).≈≈≈≈≈≈≈.o..≈≈.
#≈≈≈)≈.....).....c...≈.≈
#≈≈≈.≈≈.⌠......c@.⌠.≈≈.≈
#≈≈≈≈.≈.............≈.≈≈
#≈≈≈≈.≈≈≈......Z..≈≈≈.≈≈
#≈≈≈≈≈..≈≈≈....Z≈≈≈..≈≈≈
#≈≈≈≈≈≈≈..≈≈≈≈≈≈≈c.≈≈≈≈≈
##≈≈≈≈≈≈≈≈.......≈≈≈≈≈≈≈
≈≈≈≈≈≈≈≈≈≈≈≈≈≈≈≈≈≈≈≈≈
≈≈≈≈≈≈≈≈≈≈≈≈≈≈≈≈≈≈≈#
#################


You could see 2 orc warriors, 3 centaurs and 2 friendly orc zombies.

Vanquished Creatures
  Maggie (D:7)
  A hornet (D:7)
  Edmund (D:5)
  Menkaure (D:6)
  2 water moccasins
  3 orc warriors
  2 ice beasts
  3 sky beasts
  3 ogres
  3 centaurs
  2 kobold brigands (D:7)
  Blork the orc (D:4)
  2 scorpions
  A water moccasin zombie (D:4)
  4 wights
  3 centaur zombies (D:8)
  7 hounds
  A centaur skeleton (D:4)
  3 jellies
  2 gnoll shamans (D:6)
  6 orc priests
  A bullfrog skeleton (D:4)
  3 iguanas
  Jessica (D:3)
  10 orc wizards
  8 mummies (Ossuary)
  15 gnolls
  11 adders
  A shadow imp (D:6)
  An ufetubus (D:5)
  An adder skeleton (D:4)
  4 dart slugs
  37 orcs
  3 ball pythons
  2 endoplasms
  3 giant cockroaches
  5 goblins
  8 hobgoblins
  10 jackals
  2 quokkas
  2 bats (D:2)
  8 frilled lizards
  3 hobgoblin zombies (Ossuary)
  8 kobolds
  2 kobold zombies (Ossuary)
  3 orc zombies (Ossuary)
  2 rats
206 creatures vanquished.

Vanquished Creatures (collateral kills)
  A water moccasin (D:7)
  2 ice beasts (D:7)
  3 orc warriors (Bailey)
  2 centaurs (Bailey)
  2 orc priests (D:7)
  A howler monkey zombie (D:7)
  6 orcs (Bailey)
  2 kobolds (D:7)
19 creatures vanquished.

Vanquished Creatures (others)
  A black bear (D:6)
  3 hounds (D:6)
  An orc wizard (D:5)
  An orc (Bailey)
  An ogre zombie (D:6)
  11 orc zombies
  A sky beast zombie (D:6)
19 creatures vanquished.

Grand Total: 244 creatures vanquished

Notes
Turn   | Place    | Note
-------+----------+-------------------------------------------
     0 | D:1      | siradein the Vine Stalker Fighter began the quest for the
                  | Orb.
     0 | D:1      | Reached XP level 1. HP: 11/11 MP: 2/2
   607 | D:1      | Reached XP level 2. HP: 8/16 MP: 3/3
  1771 | D:2      | Reached XP level 3. HP: 9/20 MP: 4/4
  2045 | D:2      | Found a faded altar of an unknown god.
  2256 | D:2      | Gained mutation: Your natural rate of healing is unusually
                  | fast. [Vine Stalker growth]
  2256 | D:2      | Reached XP level 4. HP: 24/24 MP: 5/5
  2683 | D:3      | Reached XP level 5. HP: 26/28 MP: 4/6
  2738 | D:3      | Noticed Jessica
  2751 | D:3      | Killed Jessica
  2840 | D:3      | Reached XP level 6. HP: 33/33 MP: 7/7
  3166 | D:4      | Reached XP level 7. HP: 37/37 MP: 6/8
  3189 | D:4      | Noticed Blork the orc
  3190 | D:4      | Found a large runed translucent door.
  3191 | D:4      | Found a large runed translucent door.
  3196 | D:4      | Killed Blork the orc
  3203 | D:4      | Noticed fragbeetle's ghost (amateur DrTm)
  3325 | D:4      | You fall into a shaft and drop 2 floors!
  3330 | D:6      | Identified the +1 scale mail "Datzor" {rN+}
  3391 | D:6      | Noticed Menkaure
  3493 | D:6      | Noticed a steam dragon
  3494 | D:6      | Found a shimmering altar of Xom.
  3535 | D:5      | Entered Level 5 of the Dungeon
  3631 | D:5      | Gained mutation: You have razor-sharp teeth. [Vine Stalker
                  | growth]
  3631 | D:5      | Reached XP level 8. HP: 36/42 MP: 7/9
  3716 | D:5      | Reached skill level 5 in Fighting
  3716 | D:5      | Reached skill level 5 in Shields
  3771 | D:5      | Noticed Edmund
  3783 | D:5      | Killed Edmund
  3934 | D:5      | Reached skill level 5 in Armour
  3937 | D:5      | Reached skill level 5 in Maces & Flails
  4123 | D:4      | Found a shadowy altar of Dithmenos.
  4291 | D:4      | Found a staircase to the Ecumenical Temple.
  4296 | Temple   | Entered the Ecumenical Temple
  4489 | Temple   | Became a worshipper of Yredelemnul the Dark
  4979 | D:4      | Reached XP level 9. HP: 45/48 MP: 10/10
  5536 | D:6      | Reached * piety under Yredelemnul
  6114 | D:6      | Killed Menkaure
  6186 | D:7      | Reached skill level 1 in Invocations
  6207 | D:7      | Reached skill level 1 in Evocations
  6344 | D:7      | Noticed a hornet
  6356 | D:7      | Paralysed by a hornet for 1 turns
  6357 | D:7      | Killed a hornet
  6441 | D:7      | Noticed Maggie
  6451 | D:7      | Killed Maggie
  6456 | D:7      | Found a sand-covered staircase.
  6465 | Ossuary  | Entered an ossuary
  6483 | Ossuary  | Reached ** piety under Yredelemnul
  6497 | Ossuary  | Reached XP level 10. HP: 52/53 MP: 10/12
  7497 | D:8      | Reached *** piety under Yredelemnul
  7537 | D:8      | Found a flagged portal.
  7546 | Bailey   | Entered a bailey
  7892 | Bailey   | HP: 1/55 [orc warrior (8)]
  7892 | Bailey   | Hit by a javelin thrown by a centaur

Illustrated notes

Levels and vault maps discovered:
D:1:      amcnicky_arrival_double_pillar, layout_rooms, serial_rivers,
          chequers_serial_rivers_micro_a, chequers_serial_rivers_micro_e,
          chequers_serial_rivers_room_a, chequers_serial_rivers_marsh,
          chequers_serial_rivers_room_a, chequers_serial_rivers_marsh,
          moated_statue, minmay_door_square, minivault_5
D:2:      layout_basic, ebering_ecumenical_altar_webs
D:3:      layout_basic, uniq_jessica
D:4:      layout_cave_pools, nicolae_overflow_crystal_walls,
          minmay_temple_entry_nine_rooms, ebering_ghost_disaster_area,
          uniq_blork_the_orc
D:5:      layout_rooms, uniq_edmund
D:6:      layout_loops_corners, xom_confusion_cloud, minivault_10,
          minmay_tree_intersection, uniq_menkaure
D:7:      layout_basic, enter_ossuary_1, david_defended_altar_orc, uniq_maggie
D:8:      minmay_s_stair_smasher, layout_layer_cave, enter_bailey_2, uniq_psyche
Temple:   mainiacjoe_temple_cubbyholes
Bailey:   bailey_polearm_flooded_kennysheep, bailey

Skill      XL: |  1  2  3  4  5  6  7  8  9 10 |
---------------+-------------------------------+-----
Maces & Flails | 2 3 4 5 6 |  6.7
Fighting       | 3 4 5 6 7 |  7.1
Shields        | 3 4 5 6 7 |  7.1
Armour         | 3 4 5 6 |  6.5
Invocations    | 2 3 |  3.4
Evocations     | 1 3 |  3.1

Action                   |  1- 3 |  4- 6 |  7- 9 | 10-12 || total
-------------------------+-------+-------+-------+-------++-------
Melee: Flail             |    94 |   136 |   352 |   181 ||   763
       Bite              |    13 |    44 |   113 |    72 ||   242
Throw: Dart              |       |       |     3 |       ||     3
Invok: Animate Remains   |       |       |     8 |     5 ||    13
       Animate Dead      |       |       |       |     7 ||     7
  Use: Scroll            |       |       |     3 |       ||     3
 Stab: Distracted        |       |       |       |     1 ||     1
Armor: Scale mail        |    42 |     8 |   146 |   174 ||   370
       Chain mail        |       |    67 |    41 |       ||   108
Dodge: Dodged            |    48 |    52 |   131 |   148 ||   379
Block: Buckler           |    31 |    23 |    95 |    99 ||   248

Table legend: (Time is in decaauts)
 A = Elapsed time spent in this place.
 B = Non-inter-level travel time spent in this place.
 C = Inter-level travel time spent in this place.
 D = Time resting spent in this place.
 E = Time spent auto-exploring this place.
 F = Levels seen in this place.
 G = Mean time per level.
                   A        B        C        D        E       F      G
               +--------+--------+--------+--------+--------+-----+--------+
         Total |   8033 |   7676 |    357 |     17 |   5253 |  11 |  730.3 |
       Dungeon |   7137 |   6833 |    304 |     17 |   4729 |   8 |  892.1 |
        Temple |    359 |    306 |     53 |      0 |    297 |   1 |  359.0 |
       Ossuary |    185 |    185 |      0 |      0 |    105 |   1 |  185.0 |
        Bailey |    351 |    351 |      0 |      0 |    122 |   1 |  351.0 |
               +--------+--------+--------+--------+--------+-----+--------+

Top non-repeatable levels by time:
     D:1: 1688 daAuts
     D:6: 1117 daAuts
     D:7: 1077 daAuts
     D:2: 983 daAuts
     D:4: 858 daAuts
     D:5: 797 daAuts
     D:3: 470 daAuts
  Temple: 359 daAuts
  Bailey: 351 daAuts
 Ossuary: 185 daAuts
     D:8: 145 daAuts
